 Dungeon Crawl Stone Soup version 0.26.1-11-gd32895ea62 (webtiles) character file.

Game seed: 3086038270566476994

201 Almogavar the Firebug (level 5, 0/38 HPs)
             Began as a Hill Orc Fire Elementalist on May 15, 2021.
             Killed from afar by an orc wizard (7 damage)
             ... with a magic dart
             ... on level 3 of the Dungeon.
             The game lasted 00:15:36 (3369 turns).

Almogavar the Firebug (Hill Orc Fire Elementalist)  Turns: 3369, Time: 00:15:37

Health: 0/38       AC:  3    Str: 11    XL:     5   Next: 79%
Magic:  1/8        EV: 12    Int: 18    God:
Gold:   186        SH:  0    Dex: 11    Spells: 7/8 levels left

rFire    . . .     SeeInvis .   m - +0 hand axe (vamp)
rCold    . . .     Faith    .   (no shield)
rNeg     . . .     Spirit   .   g - +0 leather armour {Will+}
rPois    .         Reflect  .   (helmet restricted)
rElec    .         Harm     .   (no cloak)
rCorr    .         Rampage  .   (no gloves)
Will     +....                  (no boots)
Stlth    ++........             (no amulet)
HPRegen  0.12/turn              (no ring)
MPRegen  0.11/turn              (no ring)

@: brilliant, lethally poisoned (0 -> -23), hasted, very quick
A: antennae 1, clever 1
a: no special abilities


You were on level 3 of the Dungeon.
You visited 1 branch of the dungeon, and saw 3 of its levels.

You collected 186 gold pieces.

Inventory:

Hand Weapons
 m - a +0 vampiric hand axe (weapon)
Armour
 c - a +0 ring mail
 g - a +0 leather armour of willpower (worn)
 n - a +2 helmet
Scrolls
 b - 2 scrolls of identify {unknown}
 e - 2 scrolls of magic mapping {unknown}
 f - 4 scrolls of remove curse
 h - a scroll of blinking {unknown}
 i - a scroll of teleportation {unknown}
Potions
 a - a potion of mutation
 d - a potion of brilliance
 j - 2 potions of haste
 l - a potion of curing {unknown}
 o - a potion of degeneration {unknown}


   Skills:
 + Level 0.2 Fighting
 + Level 1.7 Armour
 + Level 2.0 Dodging
 + Level 2.3 Stealth
 + Level 2.2 Spellcasting
 + Level 1.7 Conjurations
 + Level 5.1 Fire Magic


You had 7 spell levels left.
You knew the following spells:

 Your Spells              Type           Power        Failure   Level
a - Foxfire               Conj/Fire      84%          5%          1

Your spell library contained the following spells:

 Spells                   Type           Power        Failure   Level
 Conjure Flame            Conj/Fire      21%          17%         3
 Inner Flame              Hex/Fire       16%          24%         3
 Sticky Flame             Conj/Fire      21%          50%         4
 Fireball                 Conj/Fire      10%          83%         5


Dungeon Overview and Level Annotations

Branches:
Dungeon (3/15)

Altars:
Okawaru
Zin


Innate Abilities, Weirdness & Mutations

You have a pair of small antennae on your head.
Your mind is acute. (Int +2)


Message History

You feel clever all of a sudden.
* * * LOW HITPOINT WARNING * * *
You feel sick. The orc wizard closely misses you. The orc misses you.
It was a potion of heal wounds.
You feel much better.
You feel sick. The orc wizard casts a spell at you. The puff of frost hits you.
Casting: Foxfire (safe; 5% risk of failure)
Confirm with . or Enter, or press ? or * to list all spells.
You feel a surge of power!
You conjure some foxfire!
You feel sick. The orc misses you.
You feel sick.
The foxfire hits the orc.
The orc is almost dead.
The orc wizard barely misses you. The orc hits you.
* * * LOW HITPOINT WARNING * * *
* * * LOW HITPOINT WARNING * * *
You feel sick.
The foxfire hits the orc wizard.
The orc wizard is heavily wounded.
The orc wizard casts a spell at you. The magic dart hits you!
You die...

...###.... .........
...... .......#
########..... .......#
.....[...... .......#
........... .......#
.......... .......#
.........# ..)....#
.......§§# .......#
)....))@.###### .......#
......oo......# ##.#####
########......# #.#
#......# #.# #......#
##### #†# #......# #....
#.## ###......# #....
#..# #........## #....
##o###########.#.......#
#....


You could see an orc wizard and an orc.

Vanquished Creatures
  Terence (D:3)
  Robin (D:3)
  6 adders
  2 oozes (D:2)
  3 worms
  3 dart slugs
  A leopard gecko (D:2)
  3 orcs (D:3)
  4 giant cockroaches
  17 goblins
  11 hobgoblins
  4 kobolds
  3 quokkas
  A ball python (D:3)
  8 bats
  2 frilled lizards
  10 rats
80 creatures vanquished.

Vanquished Creatures (others)
  216 foxfires
216 creatures vanquished.

Grand Total: 296 creatures vanquished

Notes
Turn   | Place    | Note
-------+----------+-------------------------------------------
     0 | D:1      | Almogavar the Hill Orc Fire Elementalist began the quest
                  | for the Orb.
     0 | D:1      | Reached XP level 1. HP: 14/14 MP: 3/3
   270 | D:1      | Reached XP level 2. HP: 20/20 MP: 2/4
   834 | D:1      | Reached skill level 4 in Fire Magic
   988 | D:1      | Reached XP level 3. HP: 24/26 MP: 2/5
  1639 | D:2      | Reached XP level 4. HP: 33/33 MP: 4/6
  1715 | D:2      | Found an iron altar of Okawaru.
  1851 | D:2      | Found a glowing silver altar of Zin.
  2358 | D:3      | Noticed Robin
  2489 | D:3      | Killed Robin
  2490 | D:3      | Reached XP level 5. HP: 19/38 MP: 3/8
  2827 | D:3      | Reached skill level 1 in Armour
  2983 | D:3      | Reached skill level 5 in Fire Magic
  3078 | D:3      | Noticed Terence
  3096 | D:3      | Killed Terence
  3364 | D:3      | Gained mutation: You have a pair of small antennae on your
                  | head. [potion of mutation]
  3364 | D:3      | Gained mutation: Your mind is acute. (Int +2) [potion of
                  | mutation]
  3369 | D:3      | Killed from afar by an orc wizard

Illustrated notes

Levels and vault maps discovered:
D:1:      lemuel_arrival_broad_hall, layout_rooms, minmay_misc_feat_alley,
          minmay_misc_feat_rows, grunt_decor_arrowhead, minmay_pentomino_x2
D:2:      layout_basic, okawaru_metal_pillars_1_2, lemuel_crystal_altar
D:3:      layout_basic, minmay_ruptured, uniq_robin, uniq_terence, uniq_sigmund

Skill      XL: |  1  2  3  4  5 |
---------------+----------------+-----
Fire Magic     | 4 5 |  5.1
Spellcasting   | 2 |  2.2
Stealth        | 2 |  2.3
Dodging        | 2 |  2.0
Armour         | 1 |  1.7
Fighting       | |  0.2
Conjurations   | |  1.7

Action                   |  1- 3 |  4- 6 || total
-------------------------+-------+-------++-------
Melee: Short sword       |    19 |       ||    19
       Club              |     1 |       ||     1
       Hand axe          |       |     4 ||     4
 Cast: Foxfire           |    48 |    77 ||   125
  Use: Scroll            |     1 |     1 ||     2
       Potion            |       |     4 ||     4
Armor: Robe              |    11 |       ||    11
       Leather armour    |       |    17 ||    17
Dodge: Dodged            |    30 |    57 ||    87
